 Dungeon Crawl Stone Soup version 0.17.0-24-gcfadda4 (webtiles) character file.

42 Sorcv the Vexing (level 3, 0/26 HPs)
             Began as a Mummy Enchanter on Nov 15, 2015.
             Slain by an adder (1 damage)
             ... on level 2 of the Dungeon.
             The game lasted 00:02:55 (942 turns).

Sorcv the Vexing (Mummy Enchanter)                   Turns: 942, Time: 00:02:56

Health: 0/26       AC:  3    Str: 11    XL:     3   Next: 35%
Magic:  1/6        EV: 12    Int: 14    God:
Gold:   18         SH:  0    Dex: 13    Spells: 2 memorised, 3 levels left

rFire  x . .     SeeInvis .     a - +1 dagger
rCold  + . .     Clarity  +     b - +1 robe
rNeg   + + +     SustAt   .     (no shield)
rPois  ∞         Gourm    .     (no helmet)
rElec  .         Spirit   .     (no cloak)
rCorr  .         Warding  .     (no gloves)
rMut   .         Stasis   .     (no boots)
MR     .....                    e - amulet of clarity
Stlth  ++........               (no ring)
                                (no ring)

@: very slightly contaminated, not resistant to hostile enchantments, unstealthy
A: no food or potions, fire vulnerability, cold resistance 1, negative energy
resistance 3, torment resistance, unbreathing
a: no special abilities


You were on level 2 of the Dungeon.
You were not hungry.

You visited 1 branch of the dungeon, and saw 2 of its levels.

You collected 18 gold pieces.

Inventory:

Hand Weapons
 a - a +1 dagger (weapon)
Armour
 b - a +1 robe (worn)
Jewellery
 e - an amulet of clarity (around neck)
Scrolls
 d - a scroll of magic mapping {unknown}
Books
 c - a book of Maledictions

   Spells                             Type                      Level
   a - Corona                         Hexes                        1
   b - Ensorcelled Hibernation        Hexes/Ice                    2
   c - Confuse                        Hexes                        3
   d - Tukima's Dance                 Hexes                        3
   e - Dazzling Spray                 Conjuration/Hexes            3


   Skills:
 + Level 1.5 Fighting
 + Level 1.2 Short Blades
 - Level 1.5 Dodging
 + Level 3.0 Stealth
 - Level 2.0 Spellcasting
 - Level 3.0 Hexes


You had 3 spell levels left.
You knew the following spells:

 Your Spells              Type           Power        Failure   Level  Hunger
a - Corona                Hex            #......      10%         1    N/A
b - Ensorcelled Hibernat  Hex/Ice        #.....       21%         2    N/A

Dungeon Overview and Level Annotations

Branches:
Dungeon (2/15)

Altars:


Innate Abilities, Weirdness & Mutations

You do not eat or drink.
Your flesh is vulnerable to fire.
You are immune to poison.
Your flesh is cold resistant.
You are immune to negative energy.
You are immune to unholy pain and torment.
You can survive without breathing.


Message History

You hit the adder.
The adder is severely wounded.
The adder stops glowing.
The adder bites you.
* * * LOW HITPOINT WARNING * * *
You miss the adder.
The adder is severely wounded.
The adder bites you.
* * * LOW HITPOINT WARNING * * *
The adder barely misses you.
You barely miss the adder.
The adder is severely wounded.
The adder misses you.
You barely miss the adder.
The adder is severely wounded.
The adder bites you.
* * * LOW HITPOINT WARNING * * *
You barely miss the adder.
The adder is severely wounded.
The adder bites you.
You die...

# ##+## .#### ##...##
.... ##...[.## # #.##.?
##.......## ##
#.....####.........####.
#....S@.'.........'....
##...####.........####.
##.. ##.%.....## ## ....
##.....## # ###.#
##...## .. ##+## .## #.#
. #.# ##.##


You could see an adder.

Vanquished Creatures
  An adder (D:2)
  3 oozes
  A ball python (D:2)
  3 giant cockroaches (D:1)
  4 hobgoblins
  2 bats (D:1)
  A giant newt (D:2)
  3 goblins (D:1)
  A kobold (D:2)
  3 rats
22 creatures vanquished.

Vanquished Creatures (others)
  4 toadstools (D:1)
4 creatures vanquished.

Grand Total: 26 creatures vanquished

Notes
Turn   | Place    | Note
--------------------------------------------------------------
     0 | D:1      | Sorcv the Mummy Enchanter began the quest for the Orb.
     0 | D:1      | Reached XP level 1. HP: 13/13 MP: 3/3
    78 | D:1      | Reached skill level 1 in Short Blades
    80 | D:1      | Reached skill level 1 in Fighting
   343 | D:1      | Reached XP level 2. HP: 16/21 MP: 5/5
   359 | D:1      | Learned a level 2 spell: Ensorcelled Hibernation
   363 | D:1      | HP: 1/21 [ooze (1)]
   513 | D:1      | You fall through a shaft!
   533 | D:2      | Reached skill level 3 in Hexes
   663 | D:2      | Reached XP level 3. HP: 17/26 MP: 6/6
   941 | D:2      | HP: 1/26 [adder (1)]
   942 | D:2      | Slain by an adder

Action                   || total
-------------------------++-------
Melee: Dagger            ||    90
 Cast: Corona            ||     5
       Ensorcelled Hiber ||     7
 Stab: Sleeping          ||     5
